 Dungeon Crawl Stone Soup version 0.21-a0-528-gf531e82 (webtiles) character file.

50 slep the Chopper (level 3, 0/18 HPs)
             Began as a Vine Stalker Gladiator on Dec 9, 2017.
             Slain by a gnoll (4 damage)
             ... on level 2 of the Dungeon.
             The game lasted 00:03:19 (617 turns).

slep the Chopper (Vine Stalker Gladiator)            Turns: 617, Time: 00:03:19

Health: 0/18       AC:  3    Str: 17    XL:     3   Next: 79%
Magic:  0/4        EV: 13    Int:  8    God:
Gold:   92         SH:  0    Dex: 15    Spells: 2/2 levels left

rFire    . . .     SeeInvis .   a - +0 war axe
rCold    . . .     Gourm    +   (no shield)
rNeg     . . .     Faith    .   b - +0 leather armour
rPois    .         Spirit   +   c - +0 helmet
rElec    .         Reflect  .   o - -2 cloak (curse)
rCorr    .         Harm     .   (no gloves)
MR       .....                  (no boots)
Stlth    ++........             m - amulet of the gourmand
HPRegen  0.06/turn              (no ring)
MPRegen  0.09/turn              (no ring)

@: no status effects
A: fangs 2, magic shield, antimagic bite, no potion heal 3, rot immunity
a: no special abilities


You were on level 2 of the Dungeon.
You were very full.

You visited 1 branch of the dungeon, and saw 2 of its levels.

You collected 92 gold pieces.

Inventory:

Hand Weapons
 a - a +0 war axe (weapon)
Missiles
 d - 3 throwing nets (quivered)
Armour
 b - a +0 leather armour (worn)
 c - a +0 helmet (worn)
 o - a cursed -2 cloak (worn)
 p - a +0 hat
Jewellery
 m - an amulet of the gourmand (around neck)
Scrolls
 e - 2 scrolls of magic mapping {unknown}
 g - 2 scrolls of remove curse {unknown}
 h - a scroll of fear {unknown}
 j - a scroll of immolation {unknown}
 k - 2 scrolls of teleportation {unknown}
 l - 2 scrolls of fog {unknown}
Potions
 n - a potion of heal wounds {unknown}
Comestibles
 f - a bread ration
 i - a royal jelly


   Skills:
 + Level 2.0 Fighting
 + Level 3.2 Axes
 + Level 2.0 Throwing
 + Level 0.4 Armour
 + Level 2.7 Dodging
 + Level 1.2 Stealth


You had 2 spell levels left.
You didn't know any spells.

Dungeon Overview and Level Annotations

Branches:
Dungeon (2/15)

Altars:


Innate Abilities, Weirdness & Mutations

You have extremely sharp teeth.
When hurt, damage is shared between your health and your magic reserves.
Your bite disrupts and absorbs the magic of your enemies.
Potions cannot restore your health.
You are immune to rotting.


Message History

The gnoll completely misses you.
The gnoll shouts!
You slash the gnoll!
The gnoll is heavily wounded.
You hear a bark!
You hear a shout!
The gnoll hits you with a spear. The gnoll barely misses you.
A jackal comes into view.
You barely miss the gnoll. You bite the gnoll, but do no damage.
The gnoll is heavily wounded.
The gnoll closely misses you.
You hit the gnoll. You bite the gnoll. You drain its power.
You feel invigorated.
The gnoll is almost dead.
You barely miss the gnoll. The gnoll barely misses you.
The gnoll hits you with a spear!
* * * LOW HITPOINT WARNING * * *
You barely miss the gnoll. Your bite misses the gnoll.
The gnoll is almost dead.
You hit the gnoll but do no damage. The gnoll hits you.
You die...

#.##.##.# #..#....# .
#.......## #..#....#
###......# #.......#
#.###..# ####...##
#.###..## #...#
#....รท..# #...#
#<.##...######.(.####.
#....................#
....##........g@.....##
.###.###.......g.......#
#.. ..####.#...#.##.#
#.## #.# #.#g..#.# # #.#
.# #.#h..#.# .> # #...#
#...# .....


You could see 3 gnolls and a jackal.

Vanquished Creatures
  An adder (D:2)
  An ooze (D:2)
  4 dart slugs (D:1)
  A ball python (D:1)
  3 bats (D:1)
  2 goblins (D:1)
  3 hobgoblins (D:2)
  4 jackals (D:1)
  2 frilled lizards
  4 kobolds
  2 rats (D:1)
27 creatures vanquished.

Notes
Turn   | Place    | Note
-------+----------+-------------------------------------------
     0 | D:1      | slep the Vine Stalker Gladiator began the quest for the Orb.
     0 | D:1      | Reached XP level 1. HP: 11/11 MP: 2/2
    13 | D:1      | Reached skill level 3 in Axes
    13 | D:1      | Reached XP level 2. HP: 4/15 MP: 3/3
   266 | D:1      | Reached XP level 3. HP: 15/18 MP: 4/4
   450 | D:2      | Reached skill level 1 in Stealth
   617 | D:2      | Slain by a gnoll

Vault maps used:
D:1:      roderic_crossed_star

Skill      XL: |  1  2  3 |
---------------+----------+-----
Throwing       | 2 |  2.0
Axes           | 3 |  3.2
Fighting       | 2 |  2.0
Stealth        | 1 |  1.2
Armour         | |  0.4
Dodging        | |  2.7

Action                   || total
-------------------------++-------
Melee: War axe           ||    50
       Bite              ||    15
Throw: Throwing net      ||     2
  Eat: Chunk             ||    12
Armor: Leather armour    ||    15
Dodge: Dodged            ||    55

Table legend:
 A = Spawn XP
 B = Non-spawn XP
 C = Spawn XP percentage of total XP
 D = Spawn monster count
 E = Non-spawn monster count
 F = Spawn count percentage of total count
 G = Total turns spent on level
                    A         B        C        D         E        F      G
               +---------+---------+-------+---------+---------+-------+---------
         Total |       0 |      72 |   0.0 |       0 |      27 |   0.0 |   617
               +---------+---------+-------+---------+---------+-------+---------
           D:1 |       0 |      41 |   0.0 |       0 |      19 |   0.0 |   443
           D:2 |       0 |      31 |   0.0 |       0 |       8 |   0.0 |   174
               +---------+---------+-------+---------+---------+-------+---------
